 Dungeon Crawl Stone Soup version 0.29.0-15-g675c0067aa (webtiles) character file.

Game seed: 4295123419979843517

8711 qw the Severer (level 11, -6/148 HPs)
             Began as a Minotaur Berserker on Sept 12, 2022.
             Was a Priest of Trog.
             Mangled by a cane toad (7 damage)
             ... on level 1 of the Lair of Beasts.
             The game lasted 00:03:20 (10319 turns).

qw the Severer (Minotaur Berserker)                Turns: 10319, Time: 00:03:20

Health: -6/148     AC: 15    Str: 29    XL:     11   Next: 13%
Magic:  10/10      EV:  8    Int:  4    God:    Trog [***...]
Gold:   657        SH:  0    Dex:  9    Spells: 10/10 levels left

rFire   + . .      SeeInvis +   o - +0 flail
rCold   . . .      Faith    .   (no shield)
rNeg    + + .      Spirit   .   l - +0 plate armour
rPois   .          Reflect  .   (helmet restricted)
rElec   +          Harm     .   (no cloak)
rCorr   .          Rampage  .   (no gloves)
Will    +....                   n - +0 pair of boots of Curiosity {rF+}
Stlth   ..........              (no amulet)
HPRegen 0.34/turn               m - ring of see invisible
MPRegen 0.12/turn               q - ring "Fuptorur" {*Slow rElec rN++ Will+ Str+2}

@: berserking, lethally poisoned (-6 -> -16), very quick
A: horns 2, retaliatory headbutt
a: Renounce Religion, Berserk, Trog's Hand


You were on level 1 of the Lair of Beasts.
You worshipped Trog.
Trog was most pleased with you.
You visited 2 branches of the dungeon, and saw 11 of its levels.

You collected 681 gold pieces.
You spent 24 gold pieces at shops.


Innate Abilities, Weirdness & Mutations

You have a pair of horns on your head.
You reflexively headbutt those who attack you in melee.


   Skills:
 + Level 10.0 Fighting
 - Level 16.1 Axes
 - Level 2.0 Throwing
 - Level 9.0 Armour
 - Level 3.0 Dodging


You had 10 spell levels left.
You didn't know any spells.
Your spell library was empty.

Inventory:

Hand Weapons
 o - a +0 flail (weapon)
 y - a +1 vampiric war axe
Missiles
 v - a boomerang (quivered)
Armour
 a - the +3 chain mail of Kinu Tuci {rElec rC- rN+++ MP+9}
   (You acquired it on level 1 of the Dungeon)

   rC:        It makes you vulnerable to cold.
   rElec:     It insulates you from electricity.
   rN:        It renders you almost immune to negative energy.
   MP:        It affects your magic capacity (+9).
 l - a +0 plate armour (worn)
 n - the +0 pair of boots of Curiosity (worn) {rF+}
   (You found it on level 4 of the Dungeon)

   rF:        It protects you from fire.
Jewellery
 m - a ring of see invisible (left hand)
 q - the ring "Fuptorur" (right hand) {*Slow rElec rN++ Will+ Str+2}
   (You acquired it on level 6 of the Dungeon)

   [ring of willpower]

   Str:       It affects your strength (+2).
   rElec:     It insulates you from electricity.
   rN:        It greatly protects you from negative energy.
   *Slow:     It may slow you when you take damage.
   Will:      It increases your willpower.
 s - a ring of see invisible
Wands
 r - a wand of digging (7)
Scrolls
 b - 3 scrolls of teleportation
 f - 2 scrolls of identify
Potions
 c - 3 potions of heal wounds
 d - a potion of might
 e - 2 potions of mutation
 g - a potion of haste
 h - a potion of cancellation {unknown}
 k - 2 potions of curing
 t - a potion of resistance {unknown}
 w - a potion of attraction {unknown}

Dungeon Overview and Level Annotations

Branches:
Dungeon (10/15)            Temple (0/1) D:5            Lair (1/5) D:8
    Orc: D:9-12

Altars:
Cheibriados
Hepliaklqana
Kikubaaqudgha
Makhleb
Ru
Uskayaw
Zin

Shops:
D:1 ?


Message History

You headbutt the cane toad. The komodo dragon bites you!
10313 ||| SWAPPING to +0 flail.
You feel the dreadful sensation subside.
o - a +0 flail (weapon)
The yak gores you but does no damage. x2
The cane toad stings you but does no damage.
10314 ||| INVOKING Berserk.
A red film seems to cover your vision as you go berserk!
You feel yourself moving faster!
You feel mighty!
Your ogre hits the komodo dragon with a +0 giant club!!
The komodo dragon bites you!
The yak gores you but does no damage. x2
The cane toad closely misses you.
You thump the komodo dragon! You headbutt the komodo dragon!
You feel the power of Trog in you as your rage grows.
You kill the komodo dragon!
Trog accepts your kill.
The sentinel's mark upon you fades away.
Your ogre barely misses the yak.
The cane toad stings you!!
You are poisoned.
The cane toad poisons you! The yak closely misses you. You furiously retaliate!
You headbutt the yak, but do no damage. The yak gores you but does no damage.
Your Armour skill increases to level 9!
You barely miss the yak. Your headbutt misses the yak.
The yak is heavily wounded.
You feel very sick.
Your ogre barely misses the yak.
You barely miss the yak.
The yak is heavily wounded.
You feel very sick. The cane toad stings you!
The yak gores you but does no damage.
You barely miss the yak.
The yak is heavily wounded.
You feel sick.
Your ogre closely misses the six-headed hydra.
The cane toad barely misses you. You furiously retaliate!
You headbutt the cane toad! The yak barely misses your ogre.
You thump the cane toad!
The cane toad is severely wounded.
You feel sick. The cane toad stings you!
You die...

.~~~~~P~7777~~~~7~...##~#
..~~~P~~7~7P77777P.#.# ##
P##777~~.....7~~##...# #.
#.......~# #..#.####
#.......## #P.#.#P##
#.......# #..#.....
#.......#####.#.....
#..%.....#P#..#.....
#..@O.........#..#.#
#.FDY...............
#..Y................
.................%%..
.######............%.. #
.....[......%..
...##.#..##.....
.#.......#%%...
#.......#.....


You could see a six-headed hydra, 2 yaks, a cane toad and a friendly ogre
(summoned, berserk).

Vanquished Creatures
  A two-headed ogre (D:10)
  A cane toad (Lair:1)
  Maggie (D:6)
  3 komodo dragons (Lair:1)
  2 trolls
  Grinder (D:5)
  4 blink frogs (Lair:1)
  2 wyverns
  4 yaks (Lair:1)
  Eustachio (D:5)
  Menkaure (D:5)
  An acid dragon (D:6)
  4 water moccasins
  4 orc warriors
  2 ice beasts
  2 sky beasts
  3 ogres
  7 wolves
  2 phantoms
  2 kobold brigands
  4 bullfrogs
  A gnoll sergeant (D:7)
  A necrophage (D:8)
  5 scorpions
  6 killer bees (D:10)
  3 electric eels
  A howler monkey (D:8)
  7 hounds
  2 jellies
  4 orc priests
  Ijyb (D:5)
  2 iguanas
  4 orc wizards
  12 gnolls
  8 adders
  A white imp (D:8)
  2 ufetubi
  3 worms
  A dart slug (D:2)
  35 orcs
  8 ball pythons
  9 bats
  5 endoplasms
  3 giant cockroaches
  11 goblins
  2 hobgoblins
  3 jackals (D:2)
  5 quokkas
  5 frilled lizards
  16 kobolds
  6 rats
224 creatures vanquished.

Vanquished Creatures (others)
  9 fungi
  18 plants (Lair:1)
27 creatures vanquished.

Grand Total: 251 creatures vanquished

Notes
Turn   | Place    | Note
-------+----------+-------------------------------------------
     0 | D:1      | qw the Minotaur Berserker began the quest for the Orb.
     0 | D:1      | Reached XP level 1. HP: 19/19 MP: 0/0
     0 | D:1      | 0 ||| qw: Version: 0.1-a-119-g272c26d
     0 | D:1      | 0 ||| qw: Game counter: 10747
     0 | D:1      | 0 ||| qw: Always use a shield: true
     0 | D:1      | 0 ||| qw: Do Orc after D:15 true
     0 | D:1      | 0 ||| qw: Do second Lair branch before Depths: true
     0 | D:1      | 0 ||| qw: Lair rune preference: random
     0 | D:1      | 0 ||| qw: Plans: Normal
     0 | D:1      | 0 ||| PLANNING D:1-11
    81 | D:1      | Reached skill level 4 in Axes
   224 | D:1      | 224 ||| INVOKING Berserk.
   226 | D:1      | Reached XP level 2. HP: 11/26 MP: 1/1
   542 | D:1      | Found Osuit Qeth's Magic Scroll Shoppe.
   547 | D:1      | 547 ||| SHOPLISTING 3 scrolls of enchant armour (270 gold,
                  | have 39).
   547 | D:1      | 547 ||| BUYING scroll of identify (24 gold).
   547 | D:1      | Bought a scroll of identify for 24 gold pieces
   547 | D:1      | 547 ||| SHOPLISTING scroll of identify (24 gold, have 15).
   547 | D:1      | 547 ||| SHOPLISTING scroll of teleportation (36 gold, have
                  | 15).
  1168 | D:1      | 1168 ||| READING scroll labelled VODIPH ZAYR.
  1173 | D:1      | 1173 ||| READING scroll labelled ZUTAHE DIRAIPS.
  1319 | D:1      | 1319 ||| READING scroll labelled UZEFROHANK.
  1319 | D:1      | Identified a scroll of acquirement
  1319 | D:1      | 1319 ||| ACQUIRING +3 chain mail of Kinu Tuci {rElec rC-
                  | rN+++ MP+9}
  1319 | D:1      | Acquired the +3 chain mail of Kinu Tuci {rElec rC- rN+++
                  | MP+9}
  1321 | D:1      | 1321 ||| UPGRADING to +3 chain mail of Kinu Tuci {rElec rC-
                  | rN+++ MP+9}.
  1331 | D:1      | 1331 ||| DROPPING +0 animal skin.
  1406 | D:1      | 1406 ||| READING 2 scrolls of identify.
  1406 | D:1      | 1406 ||| IDENTIFYING white potion
  1407 | D:1      | 1407 ||| DROPPING potion of flight.
  1532 | D:2      | 1532 ||| STAIRDANCE
  1594 | D:2      | 1594 ||| Stepping ~*~*~tactically~*~*~ (stealth).
  1771 | D:2      | Reached skill level 5 in Axes
  1783 | D:2      | 1783 ||| Stepping ~*~*~tactically~*~*~ (stealth).
  1784 | D:2      | 1784 ||| Stepping ~*~*~tactically~*~*~ (stealth).
  1821 | D:2      | Reached XP level 3. HP: 30/31 MP: 2/2
  1852 | D:2      | Reached ** piety under Trog
  2256 | D:2      | 2256 ||| READING scroll labelled KOFU WERCHOYTE.
  2257 | D:2      | 2257 ||| READING scroll labelled JEGRUE WA NUHI.
  2258 | D:2      | 2258 ||| READING 2 scrolls of identify.
  2258 | D:2      | 2258 ||| IDENTIFYING smoky clear potion
  2259 | D:2      | 2259 ||| Stepping randomly (stuck).
  2260 | D:2      | 2260 ||| Stepping ~*~*~tactically~*~*~ (cloud).
  2261 | D:2      | 2261 ||| DRINKING potion of curing.
  2261 | D:2      | 2261 ||| (to cure poison)
  2424 | D:3      | Noticed a scorpion
  2425 | D:3      | 2425 ||| Stepping ~*~*~tactically~*~*~ (stealth).
  2427 | D:3      | 2427 ||| Stepping ~*~*~tactically~*~*~ (stealth).
  2429 | D:3      | 2429 ||| Stepping ~*~*~tactically~*~*~ (stealth).
  2445 | D:3      | Killed a scorpion
  2446 | D:3      | Reached skill level 6 in Axes
  2446 | D:3      | Reached XP level 4. HP: 38/39 MP: 3/3
  2571 | D:3      | 2571 ||| DROPPING +0 club.
  2576 | D:3      | Found a burning altar of Makhleb.
  2666 | D:3      | Found a hide-covered altar of Uskayaw.
  2669 | D:3      | 2669 ||| INVOKING Berserk.
  2671 | D:3      | Reached skill level 7 in Axes
  2671 | D:3      | Reached XP level 5. HP: 45/45 MP: 4/4
  2849 | D:3      | 2849 ||| Stepping ~*~*~tactically~*~*~ (hiding).
  2855 | D:3      | 2855 ||| INVOKING Berserk.
  2994 | D:3      | 2994 ||| SWAPPING to +3 hand axe.
  2995 | D:3      | 2995 ||| DROPPING +0 whip.
  2996 | D:3      | 2996 ||| DROPPING +0 hand axe.
  3118 | D:3      | Found a faded altar of an unknown god.
  3185 | D:3      | Noticed an ice beast
  3190 | D:3      | 3190 ||| INVOKING Berserk.
  3194 | D:3      | Killed an ice beast
  3195 | D:3      | Reached skill level 8 in Axes
  3195 | D:3      | Reached XP level 6. HP: 53/53 MP: 5/5
  3596 | D:3      | 3596 ||| UPGRADING to ring of see invisible.
  3597 | D:3      | 3597 ||| READING scroll labelled FAHEURA IZOL.
  3598 | D:3      | 3598 ||| READING scroll labelled TEZESE ZYPTUJITA.
  3599 | D:3      | 3599 ||| READING 2 scrolls of identify.
  3599 | D:3      | 3599 ||| IDENTIFYING cyan potion
  3633 | D:4      | 3633 ||| INVOKING Berserk.
  3942 | D:4      | 3942 ||| Stepping ~*~*~tactically~*~*~ (hiding).
  3945 | D:4      | 3945 ||| INVOKING Berserk.
  4125 | D:4      | 4125 ||| Stepping ~*~*~tactically~*~*~ (stealth).
  4127 | D:4      | 4127 ||| Stepping ~*~*~tactically~*~*~ (stealth).
  4128 | D:4      | 4128 ||| Stepping ~*~*~tactically~*~*~ (stealth).
  4177 | D:4      | 4177 ||| Stepping ~*~*~tactically~*~*~ (stealth).
  4240 | D:4      | 4240 ||| Stepping ~*~*~tactically~*~*~ (stealth).
  4245 | D:4      | Reached skill level 1 in Throwing
  4385 | D:4      | Identified the +0 pair of boots of Curiosity {rF+}
  4594 | D:4      | 4594 ||| UPGRADING to +0 pair of boots of Curiosity {rF+}.
  4599 | D:4      | 4599 ||| READING scroll labelled ARUPRO RASUNLADI.
  4600 | D:4      | 4600 ||| READING 4 scrolls of identify.
  4600 | D:4      | 4600 ||| IDENTIFYING murky golden potion
  4601 | D:4      | 4601 ||| READING 3 scrolls of identify.
  4601 | D:4      | 4601 ||| IDENTIFYING inky potion
  4602 | D:4      | 4602 ||| READING 2 scrolls of identify.
  4602 | D:4      | 4602 ||| IDENTIFYING bubbling amethyst potion
  4603 | D:4      | 4603 ||| DROPPING potion of invisibility.
  4616 | D:5      | Entered Level 5 of the Dungeon
  4688 | D:5      | Reached skill level 9 in Axes
  4746 | D:5      | 4746 ||| SWAPPING to +0 war axe.
  4747 | D:5      | 4747 ||| DROPPING +3 hand axe.
  4789 | D:5      | Reached XP level 7. HP: 60/60 MP: 6/6
  4793 | D:5      | Found a staircase to the Ecumenical Temple.
  4810 | D:5      | Noticed Grinder
  4811 | D:5      | 4811 ||| INVOKING Trog's Hand.
  4812 | D:5      | Noticed Ijyb
  4814 | D:5      | 4814 ||| INVOKING Berserk.
  4819 | D:5      | Reached skill level 3 in Armour
  4827 | D:5      | Killed Ijyb
  4830 | D:5      | Killed Grinder
  4831 | D:5      | Reached skill level 10 in Axes
  4961 | D:5      | 4961 ||| Stepping ~*~*~tactically~*~*~ (hiding).
  4965 | D:5      | Noticed Eustachio
  4970 | D:5      | 4970 ||| INVOKING Berserk.
  4983 | D:5      | Killed Eustachio
  4984 | D:5      | Reached skill level 6 in Fighting
  4984 | D:5      | Reached XP level 8. HP: 70/70 MP: 7/7
  5177 | D:5      | Noticed Menkaure
  5183 | D:5      | 5183 ||| INVOKING Berserk.
  5187 | D:5      | Reached skill level 11 in Axes
  5190 | D:5      | Killed Menkaure
  5329 | D:5      | 5329 ||| Stepping ~*~*~tactically~*~*~ (stealth).
  5731 | D:5      | 5731 ||| UPGRADING to +6 ring of intelligence.
  5732 | D:5      | 5732 ||| READING 2 scrolls labelled ICETEV WUUDEURCH.
  5733 | D:5      | 5733 ||| READING scroll labelled JAYM SUTTAOWAD.
  5734 | D:5      | 5734 ||| READING 2 scrolls of identify.
  5734 | D:5      | 5734 ||| IDENTIFYING bubbling emerald potion
  5735 | D:5      | 5735 ||| DROPPING scroll of fear.
  5780 | D:6      | Found a snail-covered altar of Cheibriados.
  5840 | D:6      | Reached skill level 12 in Axes
  5944 | D:6      | Reached *** piety under Trog
  6040 | D:6      | 6040 ||| INVOKING Berserk.
  6191 | D:6      | 6191 ||| INVOKING Berserk.
  6212 | D:6      | 6212 ||| Stepping ~*~*~tactically~*~*~ (stealth).
  6235 | D:6      | 6235 ||| READING 2 scrolls of teleportation.
  6244 | D:6      | 6244 ||| INVOKING Berserk.
  6253 | D:6      | Reached XP level 9. HP: 79/79 MP: 8/8
  6342 | D:6      | Noticed Maggie
  6361 | D:6      | Killed Maggie
  6362 | D:6      | Reached skill level 13 in Axes
  6561 | D:6      | 6561 ||| READING scroll of acquirement.
  6561 | D:6      | 6561 ||| ACQUIRING ring "Fuptorur" {*Slow rElec rN++ Will+
                  | Str+2}
  6561 | D:6      | Acquired the ring "Fuptorur" {*Slow rElec rN++ Will+ Str+2}
  6575 | D:6      | Found an ancient bone altar of Kikubaaqudgha.
  6640 | D:6      | Found a sacrificial altar of Ru.
  7011 | D:6      | 7011 ||| UPGRADING to +0 plate armour.
  7021 | D:6      | 7021 ||| UPGRADING to ring "Fuptorur" {*Slow rElec rN++
                  | Will+ Str+2}.
  7023 | D:6      | 7023 ||| DROPPING +6 ring of intelligence.
  7024 | D:6      | 7024 ||| READING scroll labelled NIMA BIANGUNT.
  7025 | D:6      | 7025 ||| READING scroll labelled IMEOFRO WIMUTA.
  7026 | D:6      | 7026 ||| READING scroll labelled WOABBI TEN NIO.
  7127 | D:6      | 7127 ||| READING 2 scrolls of identify.
  7127 | D:6      | 7127 ||| IDENTIFYING bubbling grey potion
  7128 | D:6      | 7128 ||| DROPPING potion of degeneration.
  7199 | D:7      | Found a glowing silver altar of Zin.
  7286 | D:7      | Found a flagged portal.
  7384 | D:7      | Found a hazy altar of Hepliaklqana.
  7429 | D:7      | Reached skill level 6 in Armour
  7807 | D:7      | 7807 ||| READING 3 scrolls labelled MUTZYE JARHUTZ.
  7808 | D:7      | 7808 ||| DROPPING 2 scrolls of magic mapping.
  7831 | D:8      | 7831 ||| STAIRDANCE
  7877 | D:8      | 7877 ||| STAIRDANCE
  7884 | D:8      | 7884 ||| STAIRDANCE
  7990 | D:8      | 7990 ||| STAIRDANCE
  8100 | D:8      | 8100 ||| STAIRDANCE
  8102 | D:7      | 8102 ||| INVOKING Berserk.
  8106 | D:7      | Reached skill level 14 in Axes
  8355 | D:8      | You fall into a shaft and drop 2 floors!
  8355 | D:10     | Entered Level 10 of the Dungeon
  8368 | D:10     | Noticed a two-headed ogre
  8373 | D:10     | 8373 ||| INVOKING Berserk.
  8378 | D:10     | Killed a two-headed ogre
  8379 | D:10     | Reached XP level 10. HP: 88/88 MP: 9/9
  8455 | D:10     | 8455 ||| INVOKING Berserk.
  8581 | D:10     | 8581 ||| Stepping ~*~*~tactically~*~*~ (stealth).
  8779 | D:10     | 8779 ||| INVOKING Berserk.
  8903 | D:10     | 8903 ||| Stepping ~*~*~tactically~*~*~ (stealth).
  8930 | D:10     | 8930 ||| DRINKING 2 glowing sapphire potions.
  9031 | D:10     | 9031 ||| READING 2 scrolls of identify.
  9031 | D:10     | 9031 ||| IDENTIFYING emerald potion
  9032 | D:10     | 9032 ||| DROPPING potion of berserk rage.
  9033 | D:10     | 9033 ||| DROPPING potion of ambrosia.
  9062 | D:8      | 9062 ||| INVOKING Berserk.
  9076 | D:8      | 9076 ||| Stepping ~*~*~tactically~*~*~ (stealth).
  9081 | D:8      | 9081 ||| Stepping ~*~*~tactically~*~*~ (stealth).
  9092 | D:8      | Reached skill level 15 in Axes
  9114 | D:8      | 9114 ||| FLEEEEING.
  9115 | D:8      | 9115 ||| FLEEEEING.
  9120 | D:8      | 9120 ||| FLEEEEING.
  9121 | D:8      | 9121 ||| FLEEEEING.
  9122 | D:8      | 9122 ||| FLEEEEING.
  9125 | D:8      | 9125 ||| INVOKING Berserk.
  9278 | D:8      | Found a staircase to the Lair.
  9391 | D:8      | 9391 ||| INVOKING Berserk.
  9529 | D:8      | 9529 ||| PLANNING LAIR
  9529 | D:8      | 9529 ||| DRINKING 2 fuming clear potions.
  9530 | D:8      | 9530 ||| READING 2 scrolls of identify.
  9530 | D:8      | 9530 ||| IDENTIFYING golden potion
  9531 | D:8      | 9531 ||| DROPPING potion of lignification.
  9532 | D:8      | 9532 ||| DROPPING potion of brilliance.
  9553 | Lair:1   | Entered Level 1 of the Lair of Beasts
  9560 | Lair:1   | Reached skill level 9 in Fighting
  9566 | Lair:1   | 9566 ||| INVOKING Berserk.
  9669 | Lair:1   | 9669 ||| Stepping ~*~*~tactically~*~*~ (stealth).
  9674 | Lair:1   | 9674 ||| INVOKING Berserk.
  9721 | Lair:1   | 9721 ||| Stepping ~*~*~tactically~*~*~ (stealth).
  9723 | Lair:1   | 9723 ||| Stepping ~*~*~tactically~*~*~ (stealth).
  9724 | Lair:1   | 9724 ||| Stepping ~*~*~tactically~*~*~ (stealth).
  9725 | Lair:1   | 9725 ||| Stepping ~*~*~tactically~*~*~ (stealth).
  9727 | Lair:1   | 9727 ||| Stepping ~*~*~tactically~*~*~ (stealth).
  9729 | Lair:1   | 9729 ||| INVOKING Berserk.
  9739 | Lair:1   | Reached skill level 16 in Axes
  9749 | Lair:1   | Reached skill level 3 in Dodging
  9860 | Lair:1   | 9860 ||| INVOKING Berserk.
  9878 | Lair:1   | Noticed a cane toad
  9890 | Lair:1   | Killed a cane toad
  9891 | Lair:1   | Reached XP level 11. HP: 40/99 MP: 10/10
 10145 | Lair:1   | 10145 ||| INVOKING Berserk.
 10307 | Lair:1   | Noticed a six-headed hydra
 10308 | Lair:1   | Reached **** piety under Trog
 10309 | Lair:1   | 10309 ||| INVOKING Brothers in Arms.
 10310 | Lair:1   | 10310 ||| INVOKING Brothers in Arms.
 10311 | Lair:1   | 10311 ||| INVOKING Brothers in Arms.
 10312 | Lair:1   | 10312 ||| INVOKING Brothers in Arms.
 10313 | Lair:1   | 10313 ||| SWAPPING to +0 flail.
 10314 | Lair:1   | 10314 ||| INVOKING Berserk.
 10315 | Lair:1   | HP: 20/148 [cane toad (18)]
 10316 | Lair:1   | Reached skill level 9 in Armour
 10317 | Lair:1   | HP: 4/148 [cane toad (10)]
 10319 | Lair:1   | HP: 1/148 [poisoned by a cane toad]
 10319 | Lair:1   | Mangled by a cane toad

Levels and vault maps discovered:
D:1:      heliophobic_arrival_battle_scene, layout_loops_cross, serial_shops,
          nicolae_shop_stone, grunt_decor_one_mirror, kennysheep_crisscross,
          minivault_26, roderic_serpentine_path
D:2:      layout_basic, dreamdust_wishing_well, hangedman_decor_slide_cut
D:3:      minmay_recursive_quarters, layout_loops_ring,
          mainiacjoe_overflow_catwalk, mainiacjoe_overflow_surrounded_room,
          nicolae_ecumenical_lake_church
D:4:      layout_basic
D:5:      layout_rooms, minmay_temple_entry_waves, serial_co_window_serial,
          co_window_paths_a, co_window_corner_a, co_window_cross_1,
          co_window_of_opportunity_a, co_window_paths_a, co_window_broadway_a,
          co_window_paths_c, co_window_of_opportunity_b, co_window_4corner_a,
          co_window_paths_e, glass_columns_c, glass_columns_c, glass_columns_a,
          glass_columns_c, glass_columns_b, hangedman_minor_gate_pass,
          uniq_eustachio, uniq_ijyb, uniq_grinder, uniq_menkaure
D:6:      minmay_chambers_of_fours, layout_basic, amcnicky_altar_gilded,
          mainiacjoe_overflow_boulevard, lemuel_coloured_pillars_altar,
          uniq_maggie
D:7:      layout_basic, worldfamousw_hep_ancestral_shrine,
          mainiacjoe_overflow_six_doors_small, enter_bailey_3
D:8:      layout_rooms, erik_lair_island
D:9:      layout_loops_ring, tgw_sif, mainiacjoe_overflow_tiny_flanked,
          hellmonk_ghost_big_iron, uniq_grum
D:10:     layout_basic, trog_wizard, kennysheep_generic_room_9, uniq_harold
Lair:1:   layout_chaotic_city, roderic_batcave, serial_bayou_lagoon_b

Skill      XL: |  1  2  3  4  5  6  7  8  9 10 11 |
---------------+----------------------------------+-----
Axes           | 4 5 6 7 8 9 10 12 14 16 | 16.1
Fighting       | 4 6 7 8 9 10 | 10.0
Throwing       | 1 2 |  2.0
Armour         | 3 4 8 9 |  9.0
Dodging        | 3 |  3.0

Action                   |  1- 3 |  4- 6 |  7- 9 | 10-12 || total
-------------------------+-------+-------+-------+-------++-------
Melee: Hand axe          |    89 |    77 |       |       ||   166
       Headbutt          |    13 |    12 |    23 |    16 ||    64
       Punch             |       |     2 |     4 |       ||     6
       War axe           |       |     7 |   208 |   134 ||   349
       Flail             |       |       |       |     5 ||     5
Throw: Boomerang         |       |    13 |    66 |    42 ||   121
Invok: Berserk           |     1 |     5 |     8 |    11 ||    25
       Trog's Hand       |       |       |     1 |       ||     1
       Brothers in Arms  |       |       |       |     1 ||     1
  Use: Scroll            |     7 |     7 |    10 |     2 ||    26
       Potion            |     1 |       |       |     2 ||     3
Armor: Chain mail        |    36 |    19 |    53 |       ||   108
       Animal skin       |     1 |       |       |       ||     1
       Plate armour      |       |       |    51 |    92 ||   143
Dodge: Dodged            |    41 |    21 |    94 |    73 ||   229

Table legend:
 A = Non-vault XP
 B = Vault XP
 C = Vault XP percentage of total XP
 D = Non-vault monster count
 E = Vault monster count
 F = Vault count percentage of total count
                 A         B        C        D         E       F
            +---------+---------+-------+---------+---------+-------
      Total |    9526 |    2919 |  23.5 |     181 |      43 |  19.2
            +---------+---------+-------+---------+---------+-------
        D:1 |      23 |       0 |   0.0 |      15 |       0 |   0.0
        D:2 |      27 |       0 |   0.0 |      15 |       0 |   0.0
        D:3 |     290 |     112 |  27.9 |      23 |       8 |  25.8
        D:4 |     213 |       0 |   0.0 |      15 |       0 |   0.0
        D:5 |     317 |    1200 |  79.1 |      13 |      12 |  48.0
        D:6 |     544 |     894 |  62.2 |      22 |       6 |  21.4
        D:7 |    1341 |       8 |   0.6 |      25 |       4 |  13.8
        D:8 |     752 |     696 |  48.1 |      15 |       7 |  31.8
       D:10 |    1778 |       0 |   0.0 |      17 |       0 |   0.0
     Lair:1 |    4241 |       9 |   0.2 |      21 |       6 |  22.2
            +---------+---------+-------+---------+---------+-------
